 Dungeon Crawl Stone Soup version 0.29.1-4-g47bece8355 (webtiles) character file.

Game seed: 7609133669367740933

4 ChadusMaximus the Conjurer (level 1, -2/10 HPs)
             Began as a Deep Elf Conjurer on Dec 3, 2022.
             Hit by a javelin thrown by a hobgoblin (12 damage)
             ... on level 1 of the Dungeon.
             The game lasted 00:01:09 (366 turns).

ChadusMaximus the Conjurer (Deep Elf Conjurer)       Turns: 366, Time: 00:01:09

Health: -2/10      AC:  2    Str:  4    XL:     1   Next: 50%
Magic:  4/6        EV: 12    Int: 22    God:
Gold:   29         SH:  0    Dex: 13    Spells: 5/6 levels left

rFire   . . .      SeeInvis .   (no weapon)
rCold   . . .      Faith    .   (no shield)
rNeg    . . .      Spirit   .   a - +0 robe
rPois   .          Reflect  .   (no helmet)
rElec   .          Harm     .   (no cloak)
rCorr   .          Rampage  .   (no gloves)
Will    .....                   (no boots)
Stlth   ++........              (no amulet)
HPRegen 0.03/turn               (no ring)
MPRegen 0.10/turn               (no ring)

@: no status effects
A: no striking features
a: no special abilities


You were on level 1 of the Dungeon.
You visited 1 branch of the dungeon, and saw 1 of its levels.

You collected 29 gold pieces.

Inventory:

Armour
 a - a +0 robe (worn)
Scrolls
 c - a scroll of noise {unknown}
 d - a scroll of brand weapon {unknown}
 e - a scroll of butterflies {unknown}
 g - a scroll of immolation {unknown}
Potions
 b - a potion of magic
 f - a potion of degeneration {unknown}


   Skills:
 + Level 2.5 Dodging
 + Level 2.5 Stealth
 + Level 3.1 Spellcasting
 + Level 4.4 Conjurations


You had 5 spell levels left.
You knew the following spells:

 Your Spells              Type           Power      Damage    Failure   Level
a - Magic Dart            Conj           92%        1d7       1%          1

Your spell library contained the following spells:

 Spells                   Type           Power      Damage    Failure   Level
 Searing Ray              Conj           46%        2d6       3%          2
 Dazzling Flash           Conj/Hex       26%        N/A       14%         3
 Fulminant Prism          Conj/Hex       6%         3d7       43%         4
 Iskenderun's Mystic Bla  Conj/Tloc      13%        2d5       43%         4


Dungeon Overview and Level Annotations

Branches:
Dungeon (1/15)

Altars:


Message History

The rat attacks as you move away! The rat bites you.
The rat attacks as you move away! The rat closely misses you.
Casting: Magic Dart (safe; 1% risk of failure)
Confirm with . or Enter, or press ? or * to list all spells.
Aiming: Magic Dart (safe; 1% risk of failure)
Press: ? - help, Shift-Dir - straight line, f - rat
Aim: a rat (100% to hit)
The magic dart hits the rat.
You kill the rat!
Unknown command.
You start resting.
HP restored.
You start resting.
Magic restored.
Found a leather armour.
Found a short sword.
Found a dagger.
You now have 15 gold pieces.
Found a stone staircase leading down.
f - a gluggy blue potion
There is a stone staircase leading down here.
g - a scroll labelled NOACVA ZIOTSO You now have 29 gold pieces (gained 14).
Casting: Magic Dart (safe; 1% risk of failure)
Confirm with . or Enter, or press ? or * to list all spells.
Aiming: Magic Dart (safe; 1% risk of failure)
Press: ? - help, Shift-Dir - straight line, f - hobgoblin
Aim: a hobgoblin, wearing a +0 chain mail and quivering javelins (wandering, hasn't noticed you, 100% to hit)
The magic dart hits the hobgoblin.
The hobgoblin is lightly wounded.
Casting: Magic Dart (safe; 1% risk of failure)
Confirm with . or Enter, or press ? or * to list all spells.
Aiming: Magic Dart (safe; 1% risk of failure)
Press: ? - help, Shift-Dir - straight line, f/p - hobgoblin
Aim: a hobgoblin, wearing a +0 chain mail and quivering javelins (lightly wounded, 100% to hit)
The magic dart hits the hobgoblin but does no damage.
The hobgoblin is lightly wounded.
The hobgoblin throws a javelin.
The javelin pierces through you!
Ouch! That really hurt!
You die...

............# ..#
#####.###.#.### #)##
..#...# ###...###..######
#.#.### ###.# ........#
#...# #...# #.....g.#
#.#.# ###.### #.......#
..#.# #.....# #.......#
#########.###.###.......#
.(..#...#...#...@...)...#
#.#.#.#.###.#####.......#
..#...#..<#...# #.......#
#####.#####.#.# #########
# #.......#.#
#############.###
................#
.##..#......#####
.......#..###############


You could see a hobgoblin.

Vanquished Creatures
  An endoplasm (D:1)
  A goblin (D:1)
  A ball python (D:1)
  A rat (D:1)
4 creatures vanquished.

Notes
Turn   | Place    | Note
-------+----------+-------------------------------------------
     0 | D:1      | ChadusMaximus the Deep Elf Conjurer began the quest for the
                  | Orb.
     0 | D:1      | Reached XP level 1. HP: 10/10 MP: 6/6
   366 | D:1      | Hit by a javelin thrown by a hobgoblin

Illustrated notes

Levels and vault maps discovered:
D:1:      elethiomel_arrival_maze, layout_rooms

Action                   || total
-------------------------++-------
 Cast: Magic Dart        ||    13
Armor: Robe              ||     1
Dodge: Dodged            ||     3
